 Dungeon Crawl Stone Soup version 0.28.0-53-g5a82cb258f (webtiles) character file.

Game seed: 11920318540137516729

34 Descartes the Sneak (level 3, -6/16 HPs)
             Began as a Felid Wanderer on July 9, 2022.
             Mangled by a hobgoblin (7 damage)
             ... led by Robin
             ... on level 2 of the Dungeon.
             The game lasted 00:02:31 (1696 turns).

Descartes the Sneak (Felid Wanderer)                Turns: 1696, Time: 00:02:32

Health: -6/16      AC:  1    Str:  9    XL:     3   Next: 14%
Magic:  5/5        EV: 17    Int: 11    God:
Gold:   14         SH:  0    Dex: 18    Spells: 4/4 levels left
                                        Lives:  0   Deaths: 0

rFire   . . .      SeeInvis +     - Unarmed
rCold   . . .      Faith    .   (shield unavailable)
rNeg    . . .      Spirit   .   (armour unavailable)
rPois   .          Reflect  .   (helmet unavailable)
rElec   .          Harm     .   (cloak unavailable)
rCorr   .          Rampage  .   (gloves unavailable)
Will    .....                   (boots unavailable)
Stlth   +++.......              (no amulet)
HPRegen 0.05/turn               (no ring)
MPRegen 0.09/turn               (no ring)

@: quick
A: very small, claws 1, fangs 3, see invisible, speed 1, shaggy fur 1, stealthy
paws, no weapons or thrown items, no armour, multi-lived
a: no special abilities


You were on level 2 of the Dungeon.
You visited 1 branch of the dungeon, and saw 2 of its levels.

You collected 14 gold pieces.

Inventory:

Scrolls
 a - a scroll of fear
 c - a scroll of identify {unknown}
 f - a scroll of teleportation {unknown}
Potions
 b - a potion of invisibility
 d - a potion of curing {unknown}
 e - a potion of heal wounds {unknown}


   Skills:
 - Level 2.0 Fighting
 - Level 2.6 Dodging
 + Level 4.2 Stealth
 - Level 4.0 Unarmed Combat
 - Level 1.0 Spellcasting
 - Level 1.0 Air Magic


You had 4 spell levels left.
You didn't know any spells.
Your spell library contained the following spells:

 Spells                   Type           Power      Damage    Failure   Level
 Sandblast                Erth           0%         2d4       32%         1
 Poisonous Vapours        Pois/Air       2%         N/A       36%         2
 Static Discharge         Conj/Air       1%         N/A       36%         2
 Passwall                 Tmut/Erth      0%         N/A       43%         2
 Stone Arrow              Conj/Erth      0%         3d7       67%         3


Dungeon Overview and Level Annotations

Branches:
Dungeon (2/15)

Altars:

Annotations:
D:2 Robin


Innate Abilities, Weirdness & Mutations

You have sharp claws.
You have razor-sharp teeth.
You have supernaturally acute eyesight. (SInv)
You cover ground quickly. (Speed+)
You are covered in fur. (AC +1)
Your paws help you pounce on unaware monsters.
You are incapable of wielding weapons or throwing items.
You cannot wear armour.
You gain extra lives every three experience levels.


Message History

A hobgoblin comes into view.
A goblin comes into view. It is wielding a +0 dagger.
The goblin shouts!
You scratch the hobgoblin but do no damage.
The hobgoblin barely misses you.
You closely miss the hobgoblin.
Robin hits you from afar with a +0 trident of flaming.
Robin burns you. The hobgoblin barely misses you.
You are too injured to fight recklessly!
You are too injured to fight recklessly!
You are too injured to fight recklessly!
You are too injured to fight recklessly!
You are too injured to fight recklessly!
You are too injured to fight recklessly!
You are too injured to fight recklessly!
You are too injured to fight recklessly!
You are too injured to fight recklessly!
You are too injured to fight recklessly!
You are too injured to fight recklessly!
You are too injured to fight recklessly!
You are too injured to fight recklessly!
You are too injured to fight recklessly!
Robin throws the goblin at you! The goblin closely misses you.
You closely miss the goblin. Robin throws the goblin at you!
The goblin closely misses you. The goblin hits you with a +0 club.
* * * LOW HITPOINT WARNING * * *
The goblin barely misses you. The hobgoblin closely misses you.
You scratch the goblin.
The goblin is moderately wounded.
The goblin barely misses you.
A goblin comes into view. It is wielding a +0 dagger.
The goblin closely misses you. The hobgoblin hits you.
* * * LOW HITPOINT WARNING * * *
The goblin closely misses you.
You scratch the goblin.
You kill the goblin!
Robin roars a battlecry!
The goblins go into a battle-frenzy!
The goblin closely misses you. x2; The hobgoblin hits you!
You die...

..... .#.. .g.. ##g.#
..g# #g.# #gg#
######gg# ......g@#
#######)# #.# #.#
#######.# #.#
#.......#
#.#####.########
##.###...†...<.......
#........#..........##
+........##########.#


You could see Robin, 2 hobgoblins and 6 goblins.

Vanquished Creatures
  3 endoplasms (D:1)
  A giant cockroach (D:1)
  4 goblins
  3 hobgoblins (D:1)
  4 jackals (D:1)
  2 quokkas (D:1)
  3 ball pythons (D:1)
  2 bats
  A frilled lizard (D:1)
  5 kobolds (D:1)
  3 rats (D:1)
31 creatures vanquished.

Notes
Turn   | Place    | Note
-------+----------+-------------------------------------------
     0 | D:1      | Descartes the Felid Wanderer began the quest for the Orb.
     0 | D:1      | Descartes set off with the following items: a scroll of
                  | fear, a potion of invisibility; and the following spells
                  | available to memorise: Poisonous Vapours, Static Discharge
     0 | D:1      | Reached XP level 1. HP: 9/9 MP: 3/3
    32 | D:1      | Reached skill level 1 in Stealth
   196 | D:1      | Found a faded altar of an unknown god.
   338 | D:1      | Reached XP level 2. HP: 13/13 MP: 4/4
  1100 | D:1      | Reached XP level 3. HP: 16/16 MP: 5/5
  1687 | D:2      | Noticed Robin
  1696 | D:2      | Mangled by a hobgoblin

Illustrated notes

Levels and vault maps discovered:
D:1:      scummos_arrival_gate, layout_loops_corners,
          ebering_ecumenical_altar_petrified, chequers_serial_rivers_room_a
D:2:      layout_basic, minmay_fractal_squares_5, uniq_robin

Skill      XL: |  1  2 |
---------------+-------+-----
Stealth        | 2 4 |  4.2
Fighting       | |  2.0
Dodging        | |  2.6
Unarmed Combat | |  4.0
Spellcasting   | |  1.0
Air Magic      | |  1.0

Action                   || total
-------------------------++-------
Melee: Unarmed           ||    76
       Bite              ||     5
       Punch             ||     2
 Stab: Sleeping          ||     9
Armor: Skin              ||     2
Dodge: Dodged            ||    45
